cohdb
Replays
Latest Replays
All Replays
Popular Replays
Top Player Replays
Match Explorer
How It Works
Community
CoH3 Stats
Reddit
Sign in to upload your games and track your stats! →
Sign in with Steam
Match 45435712
Unlisted
Match 45435712
Overview
Messages
Build Orders
End
Construct Section Command Post
Infantry Section
Dingo Light Scout Car
Infantry Section
Infantry Section
Selects Canadian Shock Battlegroup
Selects Offensive Resupply
Selects Canadian Shock Section
Construct Platoon Command Post
Humber Armored Car
Selects Burnout
Construct Field Infirmary
Burnout
Infantry Section
Grenade Package
6-pounder Anti-tank Gun Team
Unlock Bishop Self-propelled Artillery
Selects Pyrotechnics
Bishop Self-propelled Artillery
Bishop Self-propelled Artillery
Canadian Shock Section
Bishop Self-propelled Artillery
brn4meplz
Lionel23
Boy with Snapple
Rurutia
民豪
MOJO
mimq
ionwood
0
0
Comments
sign in to comment!
No comments posted yet!